 Dungeon Crawl Stone Soup version 0.18.1-48-g4cf74bf (webtiles) character file.

23 tyranidshit the Grave Robber (level 2, -12/26 HPs)
             Began as a Deep Dwarf Necromancer on Sept 4, 2016.
             Mangled by a kobold
             ... wielding a +0 short sword of electrocution
              (15 damage)
             ... on level 1 of the Dungeon.
             The game lasted 00:02:09 (556 turns).

tyranidshit the Grave Robber (DDNe)                  Turns: 556, Time: 00:02:10

Health: -12/26     AC:  4    Str: 11    XL:     2   Next: 72%
Magic:  4/4        EV: 12    Int: 15    God:
Gold:   56         SH:  0    Dex: 13    Spells: 1 memorised, 3 levels left

rFire  . . .     SeeInvis .     m - +0 flail (holy)
rCold  . . .     Gourm    .     a - +0 robe
rNeg   . . .     Faith    .     (no shield)
rPois  .         Spirit   .     (no helmet)
rElec  .         Dismiss  .     (no cloak)
rCorr  .         Reflect  .     p - +0 pair of gloves
SustAt .         Harm     .     h - +0 pair of boots
MR     .....                    (no amulet)
Stlth  ++........               (no ring)
                                (no ring)

@: non-regenerating, not resistant to hostile enchantments, unstealthy
A: damage resistance, recharge devices, sense surroundings 1, slow regeneration
3
a: Device Recharging


You were on level 1 of the Dungeon.
You were not hungry.

You visited 1 branch of the dungeon, and saw 1 of its levels.

You collected 56 gold pieces.

Inventory:

Hand Weapons
 g - a +0 dagger
 m - a +0 flail of holy wrath (weapon)
Armour
 a - a +0 robe (worn)
 h - a +0 pair of boots (worn)
 p - a +0 pair of gloves (worn)
Wands
 c - a wand of heal wounds (5/9)
Scrolls
 i - 2 scrolls of identify {unknown}
 j - a scroll of remove curse {unknown}
 n - a scroll of teleportation {unknown}
Potions
 e - a potion of lignification {unknown}
 f - 2 potions of curing {unknown}
 k - a potion of invisibility {unknown}
 l - 2 potions of flight {unknown}
Books
 b - a book of Necromancy

   Spells                             Type                      Level
   a - Pain                           Necromancy                   1
   b - Animate Skeleton               Necromancy                   1
   c - Vampiric Draining              Necromancy                   3
   d - Regeneration                   Charms/Necromancy            3
   e - Animate Dead                   Necromancy                   4
   f - Control Undead                 Necromancy                   4
Comestibles
 d - 2 bread rations
 o - a meat ration


   Skills:
 + Level 2.2 Fighting
 - Level 2.1 Dodging
 - Level 2.4 Stealth
 - Level 1.7 Spellcasting
 - Level 4.3 Necromancy


You had 3 spell levels left.
You knew the following spells:

 Your Spells              Type           Power        Failure   Level  Hunger
a - Pain                  Necr           ##..         4%          1    ##.....


Dungeon Overview and Level Annotations

Branches:
Dungeon (1/15)

Altars:


Innate Abilities, Weirdness & Mutations

You are resistant to damage.
You can recharge devices by infusing magical energy.
You passively map a small area around you.
You do not regenerate naturally.


Message History

The kobold closely misses you.
A kobold comes into view.
It is wielding a short sword of electrocution.
You barely miss the kobold. The kobold hits you with a dagger.
You barely miss the kobold. You closely miss the kobold.
The kobold barely misses you. The kobold closely misses you.
The kobold hits you but does no damage.
You sock the kobold!
You kill the kobold!
The kobold hits you but does no damage. The kobold closely misses you.
Things that are here:
a dagger; a kobold corpse You barely miss the kobold.
The kobold misses you.
The kobold hits you with a short sword of electrocution.
You are electrocuted!
* * * LOW HITPOINT WARNING * * *
You barely miss the kobold. The kobold hits you but does no damage.
You are electrocuted!
Ouch! That really hurt!
You die...

,, , ### * #..
, * #.# ,, ,
#.#, * * , #.#,
## * ,* #.#, .#
* , ## #.###.#
#.# , #.
#...K@###.#* #.
#####.....### *
*#. #.......#
..... #.......#
......
#.......#
#......
####....#
####### #....#
#... #....#
#.##
#....#######.##


You could see a kobold.

Vanquished Creatures
  A gnoll (D:1)
  A dart slug (D:1)
  A giant cockroach (D:1)
  A goblin (D:1)
  A hobgoblin (D:1)
  3 kobolds (D:1)
  2 giant newts (D:1)
  3 rats (D:1)
13 creatures vanquished.

Notes
Turn   | Place    | Note
--------------------------------------------------------------
     0 | D:1      | tyranidshit the Deep Dwarf Necromancer began the quest for the Orb.
     0 | D:1      | Reached XP level 1. HP: 15/15 MP: 3/3
   130 | D:1      | Reached skill level 1 in Fighting
   158 | D:1      | Reached XP level 2. HP: 22/25 MP: 2/4
   556 | D:1      | Mangled by a kobold

Skill      XL: |  1  2 |
---------------+-------+-----
Fighting       | 1 2 |  2.2
Dodging        | |  2.1
Stealth        | |  2.4
Spellcasting   | |  1.7
Necromancy     | |  4.3

Action                   || total
-------------------------++-------
Melee: Dagger            ||     9
       Flail             ||    21
 Cast: Pain              ||     8
 Stab: Sleeping          ||     2
Armor: Robe              ||    10
Dodge: Dodged            ||    17
